 Dungeon Crawl Stone Soup version 0.23.2-1-ga50397a (webtiles) character file.

Game seed: 7461326709307701547

94301 diana the Fencer (level 15, -1/117 HPs)
             Began as a Demonspawn Gladiator on May 4, 2019.
             Was an Initiate of Gozag.
             Slain by a spriggan rider
             ... wielding a +0 spear
              (13 damage)
             ... on level 1 of the Swamp.
             The game lasted 01:00:16 (34129 turns).

diana the Fencer (Demonspawn Gladiator)            Turns: 34129, Time: 01:00:17

Health: -1/117     AC: 24    Str: 24    XL:     15   Next: 63%
Magic:  15/15      EV: 23    Int: 16    God:    Gozag
Gold:   4357       SH:  0    Dex: 24    Spells: 14/14 levels left

rFire    . . .     SeeInvis .   b - +3 great sword (freeze)
rCold    . . .     Gourm    .   (shield currently unavailable)
rNeg     . . .     Faith    .   V - +6 plate armour "Votz" {Int+6 Dex+5}
rPois    +         Spirit   .   c - +0 helmet
rElec    .         Reflect  .   m - +2 cloak {MR+}
rCorr    .         Harm     .   i - +0 pair of gloves
MR       ++...                  (boots unavailable)
Stlth    ..........             (no amulet)
HPRegen  0.29/turn              D - +5 ring of evasion
MPRegen  0.14/turn              F - +3 ring of dexterity

@: confused, mighty
A: hooves 3, slimy green scales 2, blurry vision 1, deformed body, nightstalker
2, poison resistance, powered by pain 2
a: Potion Petition, Call Merchant, Bribe Branch, Renounce Religion


You were on level 1 of the Swamp.
You worshipped Gozag.
Gozag was most pleased with you.
You were not hungry.

You visited 5 branches of the dungeon, and saw 25 of its levels.
You also visited: Sewer and Ice Cave.

You collected 8452 gold pieces.
You spent 2358 gold pieces at shops.
You paid 1737 gold pieces to Gozag.

Inventory:

Hand Weapons
 b - a +3 great sword of freezing (weapon)
Missiles
 d - a throwing net (quivered)
Armour
 c - a +0 helmet (worn)
 i - a +0 pair of gloves (worn)
 m - a +2 cloak of magic resistance (worn)
 V - the +6 plate armour "Votz" (worn) {Int+6 Dex+5}
   (You bought it in a shop on level 1 of the Lair of Beasts)

   It affects your intelligence (+6).
   It affects your dexterity (+5).
Jewellery
 D - a +5 ring of evasion (left hand)
 F - a +3 ring of dexterity (right hand)
 Q - a cursed -3 ring of slaying {unknown}
 W - a +3 ring of protection {unknown}
 X - an uncursed ring of poison resistance {unknown}
Wands
 n - a wand of digging (3)
 q - a wand of polymorph (6)
 v - a wand of flame (12)
 A - a wand of disintegration (6)
 H - a wand of acid (13)
 M - a wand of paralysis (7)
 S - a wand of enslavement (8)
Scrolls
 a - a scroll of acquirement {unknown}
 e - 15 scrolls of teleportation
 g - 14 scrolls of remove curse
 j - 7 scrolls of amnesia {unknown}
 l - a scroll of vulnerability {unknown}
 o - 9 scrolls of blinking
 p - 5 scrolls of enchant armour {unknown}
 s - 8 scrolls of enchant weapon
 t - a scroll of torment {unknown}
 u - 2 scrolls of magic mapping
 w - a scroll of fog {unknown}
 y - 2 scrolls of fear {unknown}
 C - a scroll of holy word {unknown}
 E - a scroll of noise {unknown}
 G - 4 scrolls of summoning {unknown}
 K - a scroll of silence {unknown}
 N - a scroll of brand weapon {unknown}
 O - 9 scrolls of identify
 U - 3 scrolls of immolation
Potions
 h - a potion of cancellation
 k - a potion of flight
 x - 2 potions of agility
 z - 2 potions of lignification
 B - 5 potions of curing
 I - a potion of invisibility
 L - 2 potions of magic
 P - a potion of brilliance
 R - a potion of might
 Y - 2 potions of resistance
Miscellaneous
 J - a sack of spiders
Comestibles
 f - 22 rations


   Skills:
 + Level 10.5 Fighting
 * Level 16.0 Long Blades
 - Level 1.7 Throwing
 - Level 10.0 Armour
 - Level 14.9 Dodging


You had 14 spell levels left.
You didn't know any spells.
Your spell library contained the following spells:

 Spells                   Type           Power        Failure   Level  Hunger
 Confusing Touch          Hex            #.....       95%         1    ##.....
 Pain                     Necr           #...         95%         1    ##.....
 Summon Small Mammal      Summ           #...         95%         1    ##.....
 Call Imp                 Summ           #.......     99%         2    ###....
 Sublimation of Blood     Necr           #.........   99%         2    ###....
 Call Canine Familiar     Summ           #.......     100%        3    ####...
 Confuse                  Hex            #.......     100%        3    ####...
 Gell's Gravitas          Tloc           #.........   100%        3    ####...
 Regeneration             Chrm/Necr      #.........   100%        3    ####...
 Static Discharge         Conj/Air       #.......     100%        3    ####...
 Stone Arrow              Conj/Erth      #.....       100%        3    ####...
 Summon Guardian Golem    Hex/Summ       #.......     100%        3    ####...
 Petrify                  Tmut/Erth      #.......     100%        4    #####..
 Summon Ice Beast         Ice/Summ       #.......     100%        4    #####..
 Summon Lightning Spire   Summ/Air       #.......     100%        4    #####..
 Bolt of Magma            Conj/Fire/Erth #.........   100%        5    ######.
 Irradiate                Conj/Tmut      #.........   100%        5    ######.
 Iskenderun's Battlesphe  Conj/Chrm      #.......     100%        5    ######.
 Lee's Rapid Deconstruct  Erth           #.........   100%        5    ######.
 Lightning Bolt           Conj/Air       #.........   100%        5    ######.
 Metabolic Englaciation   Hex/Ice        #.........   100%        5    ######.
 Venom Bolt               Conj/Pois      #.........   100%        5    ######.
 Yara's Violent Unravell  Hex/Tmut       #.........   100%        5    ######.
 Hydra Form               Tmut           #.........   100%        6    #######
 Iron Shot                Conj/Erth      #.........   100%        6    #######
 Statue Form              Tmut/Erth      #........    100%        6    #######
 Dragon Form              Tmut           #.........   100%        7    #######
 Orb of Destruction       Conj           #.........   100%        7    #######
 Spellforged Servitor     Conj/Summ      #.........   100%        7    #######
 Ignition                 Fire           #.........   100%        8    #######
 Shatter                  Erth           #.........   100%        9    #######
 Tornado                  Air            #.........   100%        9    #######


Dungeon Overview and Level Annotations

Branches:
Dungeon (15/15)            Temple (1/1) D:7            Lair (6/6) D:9
  Swamp (1/4) Lair:3       Spider (0/4) Lair:2        Slime (0/5) Lair:5
    Orc (2/2) D:12            Elf (0/3) Orc:2        Vaults (0/5) D:13
 Depths: D:15

Altars:
Ashenzari
Cheibriados
Dithmenos
Elyvilon
Fedhas
Gozag
Hepliaklqana
Kikubaaqudgha
Makhleb
Nemelex Xobeh
Okawaru
Qazlal
Ru
Sif Muna
Trog
Uskayaw
Vehumet
Wu Jian
Xom
Yredelemnul
Zin
The Shining One
Beogh
Jiyva

Shops:
D:12 :   Orc:2 (}}   Lair:1 [[

Annotations:
Swamp:1 Borbor's ghost, adept GrGl


Innate Abilities, Weirdness & Mutations

You have hooves in place of feet.
You are mostly covered in slimy green scales. (AC +3)
You are significantly more attuned to the shadows.
You sometimes gain power by taking damage.
Scrolls take you a little longer to read.
Armour fits poorly on your strangely shaped body.
Your system is resistant to poisons. (rPois)


Message History

The spriggan rider hits you from afar with a +0 spear.
* * * LOW HITPOINT WARNING * * *
Unknown command.
You're too confused to move!
Borbor's ghost hits you but does no damage.
The spriggan rider hits you from afar with a +0 spear!
* * * LOW HITPOINT WARNING * * *
Unknown command.
You miss the bog body.
The bog body is no longer distracted by gold.
The bog body is moderately damaged.
The bog body hits you but does no damage.
The bog body misses you.
Unknown command.
You closely miss the bog body. Your kick misses the bog body.
The bog body is moderately damaged.
Borbor's ghost completely misses you.
The spriggan rider hits you from afar with a +0 spear!
You die...
Your body crumbles into a pile of gold.

♣♣♣ ♣♣≈≈≈≈..≈.♣
♣♣..§♣..§.♣ ♣
♣.≈..≈≈..♣♣
♣♣.♣.≈≈♣.≈♣
♣♣.≈.♣≈...♣
♣..≈.♣♣♣... ♣
♣.≈≈.≈...♣♣***
♣....♣♣.≈≈≈ ♣
♣♣.....≈≈.♣$?♣♣*
♣...♣♣♣♣... ♣
♣♣≈......#♣♣.,* ♣...♣
♣♣≈♣ ♣ ♣.≈.§....⌠#.*
♣..♣♣ ♣≈♣ ♣
♣♣..≈≈....#♣♣ . ♣≈.♣♣
♣≈♣ ♣≈≈≈≈≈...@n♣!♣
♣≈≈.♣ ♣♣≈♣
♣.≈♣≈....#Wi.♣ ♣§≈♣♣
♣.♣.
♣..≈♣≈..⌠#i.♣..♣≈.♣♣
♣♣.. ♣ ♣♣.≈≈≈..#♣:.♣
♣♣≈..♣ ♣.. ♣
♣♣≈≈≈≈≈.♣..♣♣♣♣≈≈≈§♣
♣.≈ ♣
♣≈≈.....♣♣♣♣.≈≈≈.≈.♣
♣.≈ ♣
♣♣..≈♣♣...♣♣♣.♣♣.≈≈.♣
♣.. ♣
♣)..♣♣♣...♣♣.....≈≈.♣
♣.§ ♣♣♣♣♣♣♣..♣♣
♣♣..≈..≈.♣.≈≈≈♣ ♣.≈


You could see a spriggan rider, a spriggan druid, a bog body and Borbor's ghost.

Vanquished Creatures
  A frost giant (IceCv)
  A fire dragon (Lair:6)
  Fannar (D:12)
  2 ogre magi (Orc:2)
  Erolcha (Orc:2)
  4 vault guards (D:13)
  8 hydras
  2 two-headed ogres
  4 centaur warriors
  A catoblepas (D:14)
  A tengu warrior (D:13)
  A deep elf knight (D:9)
  A skeletal warrior (D:14)
  2 unseen horrors
  2 swamp dragons
  2 lindwurms (Lair:6)
  7 orc sorcerers (Orc:2)
  A deep elf mage (D:15)
  2 orc knights (Orc:1)
  5 cyclopes
  A wolf spider (Lair:6)
  5 ugly things
  An oklob plant (Lair:6)
  A manticore (D:14)
  7 black mambas
  A guardian serpent (Lair:6)
  13 elephants
  A gargoyle (D:11)
  20 spiny frogs
  6 torpor snails
  4 centaur skeletons (D:14)
  5 yaktaurs (D:15)
  An efreet (D:13)
  5 rime drakes
  8 komodo dragons
  A freezing wraith (D:15)
  13 polar bears
  2 trolls
  A harpy skeleton (D:14)
  11 hornets
  5 tyrant leeches
  10 blink frogs
  10 dream sheep
  10 hippogriffs
  A meliai zombie (D:14)
  15 slime creatures
  3 redbacks (Lair:6)
  2 spriggans
  13 wyverns
  4 fire bats (Lair:1)
  A shadow (D:13)
  A vampire (D:11)
  Sigmund (D:6)
  Eustachio (D:6)
  A wraith (D:13)
  49 yaks
  A warg (Orc:1)
  2 swamp worms (Swamp:1)
  15 water moccasins
  5 porcupines
  16 orc warriors
  Purgy (Sewer)
  3 ice beasts
  5 sky beasts
  5 phantoms
  3 black bears
  An eye of draining (D:13)
  An eye of draining (shapeshifter) (D:9)
  8 centaurs
  11 wolves
  17 ogres
  17 crocodiles
  2 big kobolds
  Blork the orc (D:6)
  18 bullfrogs
  A gnoll sergeant (D:13)
  A wyvern zombie (D:12)
  A water moccasin skeleton (D:7)
  3 scorpions
  2 wyvern skeletons
  6 howler monkeys
  8 wights
  An electric eel (Lair:1)
  16 crimson imps
  2 quasits
  5 centaur zombies
  5 jellies
  A gnoll shaman (D:5)
  4 hounds
  3 bullfrog skeletons
  12 orc priests
  7 iguanas
  40 orc wizards
  12 worker ants
  A killer bee zombie (D:9)
  2 hound skeletons
  A worker ant zombie (D:8)
  A howler monkey zombie (D:5)
  17 adders
  16 gnolls
  3 shadow imps
  2 oozes
  An adder skeleton (D:8)
  A worm (D:2)
  2 dart slugs (D:1)
  4 leopard geckos
  96 orcs
  10 giant cockroaches
  3 goblins
  6 hobgoblins
  5 jackals
  6 quokkas
  6 bats
  8 frilled lizards
  26 kobolds
  2 leopard gecko zombies
  2 quokka zombies
  4 rats
  A fungus (Lair:5)
  A plant (Lair:6)
772 creatures vanquished.

Vanquished Creatures (others)
  2 fungi (Lair:6)
  8 plants
10 creatures vanquished.

Grand Total: 782 creatures vanquished

Notes
Turn   | Place    | Note
-------+----------+-------------------------------------------
     0 | D:1      | diana the Demonspawn Gladiator began the quest for the Orb.
     0 | D:1      | Reached XP level 1. HP: 16/16 MP: 1/1
   240 | D:1      | Gained mutation: You have large cloven feet. [demonic
                  | ancestry]
   240 | D:1      | Reached XP level 2. HP: 11/22 MP: 2/2
   970 | D:2      | Reached XP level 3. HP: 24/28 MP: 3/3
  1033 | D:1      | Reached skill level 3 in Long Blades
  1033 | D:1      | Reached skill level 1 in Armour
  1371 | D:2      | Gained mutation: You have hoof-like feet. [demonic
                  | ancestry]
  1371 | D:2      | Reached XP level 4. HP: 18/34 MP: 4/4
  1470 | D:2      | Found a basalt altar of Yredelemnul.
  1610 | D:2      | Found a glowing silver altar of Zin.
  1981 | D:3      | Found a shattered altar of Ashenzari.
  2072 | D:3      | Reached XP level 5. HP: 15/40 MP: 5/5
  2836 | D:4      | Found a glowing drain.
  2840 | Sewer    | Entered a sewer
  2897 | Sewer    | Noticed Purgy
  2904 | Sewer    | Gained mutation: You have a beak for a mouth. [potion of
                  | mutation]
  2904 | Sewer    | Gained mutation: You are frail. (-10% HP) [potion of
                  | mutation]
  2904 | Sewer    | Gained mutation: You have a pair of small antennae on your
                  | head. [potion of mutation]
  2915 | Sewer    | Killed Purgy
  2915 | Sewer    | Gained mutation: You sometimes gain a little power by
                  | taking damage. [demonic ancestry]
  2915 | Sewer    | Reached XP level 6. HP: 17/42 MP: 6/6
  3504 | D:4      | Reached skill level 5 in Dodging
  3518 | D:4      | Reached skill level 4 in Long Blades
  3542 | D:4      | Found a shimmering altar of Xom.
  3604 | D:4      | Gained mutation: You sometimes gain power by taking damage.
                  | [demonic ancestry]
  3604 | D:4      | Reached XP level 7. HP: 45/47 MP: 7/7
  3727 | D:5      | Entered Level 5 of the Dungeon
  4454 | D:5      | Reached XP level 8. HP: 30/54 MP: 8/8
  4782 | D:5      | Found a glowing golden altar of the Shining One.
  5616 | D:6      | Noticed Blork the orc
  5622 | D:6      | Killed Blork the orc
  5664 | D:6      | Noticed Sigmund
  6002 | D:6      | Killed Sigmund
  6002 | D:6      | Reached skill level 5 in Fighting
  6002 | D:6      | Reached skill level 5 in Long Blades
  7023 | D:6      | Noticed Eustachio
  7025 | D:6      | You fall through a shaft for 2 floors!
  7045 | D:8      | Gained mutation: You are partially covered in slimy green
                  | scales. (AC +2) [demonic ancestry]
  7045 | D:8      | Reached XP level 9. HP: 18/61 MP: 9/9
  7682 | D:6      | Killed Eustachio
  7812 | D:7      | Found a snail-covered altar of Cheibriados.
  7843 | D:7      | Reached skill level 5 in Armour
  7949 | D:7      | Found a staircase to the Ecumenical Temple.
  7968 | Temple   | Entered the Ecumenical Temple
  8216 | Temple   | Became a worshipper of Gozag Ym Sagoz the Greedy
  8351 | D:7      | Found a shadowy altar of Dithmenos.
  8394 | D:7      | Reached skill level 6 in Long Blades
  9366 | D:8      | Reached XP level 10. HP: 65/69 MP: 10/10
  9432 | D:8      | Noticed a cyclops
  9445 | D:8      | Killed a cyclops
 10130 | D:9      | Reached skill level 7 in Long Blades
 10499 | D:9      | Found a snail-covered altar of Cheibriados.
 10500 | D:9      | Noticed a deep elf knight
 10501 | D:9      | Found an ancient bone altar of Kikubaaqudgha.
 10797 | D:9      | Found a staircase to the Lair.
 11054 | D:10     | Entered Level 10 of the Dungeon
 11093 | D:10     | Noticed a cyclops
 11118 | D:10     | Noticed a two-headed ogre
 11121 | D:9      | Reached skill level 10 in Dodging
 11699 | D:10     | Lost mutation: You are frail. (-10% HP) [potion of
                  | mutation]
 11699 | D:10     | Lost mutation: You have a pair of small antennae on your
                  | head. [potion of mutation]
 11699 | D:10     | Lost mutation: You have a beak for a mouth. [potion of
                  | mutation]
 11699 | D:10     | Gained mutation: You are frail. (-10% HP) [potion of
                  | mutation]
 11699 | D:10     | Gained mutation: Your system is resistant to poisons.
                  | (rPois) [potion of mutation]
 11699 | D:10     | Gained mutation: Scrolls take you a little longer to read.
                  | [potion of mutation]
 11699 | D:10     | Lost mutation: You are frail. (-10% HP) [potion of
                  | mutation]
 11850 | D:10     | Killed a cyclops
 11850 | D:10     | Gained mutation: You are slightly more attuned to the
                  | shadows. [demonic ancestry]
 11850 | D:10     | Reached XP level 11. HP: 48/86 MP: 11/11
 11949 | D:10     | Killed a two-headed ogre
 12399 | D:10     | Got a faintly glowing granite ring
 12456 | D:10     | Identified the ring "Reuvairi" {rPois rF+} (You found it on
                  | level 10 of the Dungeon)
 13337 | D:9      | Noticed a centaur warrior
 13359 | D:9      | Killed a centaur warrior
 13359 | D:9      | Reached skill level 8 in Long Blades
 13545 | D:9      | Killed a deep elf knight
 13563 | Lair:1   | Entered Level 1 of the Lair of Beasts
 13600 | D:9      | Reached skill level 9 in Long Blades
 13860 | Lair:1   | Found a frozen archway.
 14116 | IceCv    | Entered an ice cave
 14129 | IceCv    | Reached skill level 10 in Long Blades
 15035 | IceCv    | Noticed a frost giant
 15076 | IceCv    | Reached skill level 11 in Long Blades
 15133 | IceCv    | HP: 4/86 [frost giant/+1 battleaxe of freezing (27)]
 15133 | IceCv    | HP: 1/86 [frost giant/+1 battleaxe of freezing (3)]
 15140 | IceCv    | HP: 2/86 [frost giant/+1 battleaxe of freezing (33)]
 15142 | IceCv    | Killed a frost giant
 15142 | IceCv    | Reached XP level 12. HP: 26/92 MP: 12/12
 15667 | IceCv    | Reached skill level 12 in Long Blades
 18406 | Lair:1   | Bought the +2 ring mail of Duty {rCorr Slay+3 SInv} for 824
                  | gold pieces
 18464 | Lair:2   | Reached skill level 13 in Long Blades
 18467 | Lair:2   | Got a bound steel ring
 18471 | Lair:2   | Identified the cursed ring of Suspicion {+Inv EV-3 Int-4
                  | Dex+2} (You found it on level 2 of the Lair of Beasts)
 18606 | Lair:2   | Noticed a seven-headed hydra
 18948 | D:11     | Noticed a seven-headed hydra
 20203 | Lair:2   | Found a hole to the Spider Nest.
 20614 | Lair:3   | Reached skill level 14 in Long Blades
 20868 | Lair:3   | Gained mutation: You are significantly more attuned to the
                  | shadows. [demonic ancestry]
 20868 | Lair:3   | Reached XP level 13. HP: 87/98 MP: 13/13
 20925 | Lair:3   | Found a staircase to the Swamp.
 22852 | Lair:5   | Found a runed translucent door.
 22984 | Lair:5   | Found a viscous altar of Jiyva.
 23043 | Lair:5   | Found a staircase to the Slime Pits.
 23187 | Lair:6   | Entered Level 6 of the Lair of Beasts
 23987 | Lair:6   | Found the +5 scythe "Finisher" {speed, eviscerate}
 24127 | Lair:6   | Found a hide-covered altar of Uskayaw.
 24485 | Lair:6   | Found a runed translucent door.
 24486 | Lair:6   | Noticed a fire dragon
 24532 | Lair:6   | Gained mutation: You have hooves in place of feet. [demonic
                  | ancestry]
 24532 | Lair:6   | Reached XP level 14. HP: 76/105 MP: 14/14
 25344 | Lair:1   | Bought a spiked plate armour for 868 gold pieces
 25354 | Lair:1   | Identified the +6 plate armour "Votz" {Int+6 Dex+5} (You
                  | bought it in a shop on level 1 of the Lair of Beasts)
 25368 | Lair:1   | Bought an embroidered cloak for 232 gold pieces
 27287 | D:11     | Identified Sif Muna's Almanac of Clay and Dark Arts
 27587 | D:12     | Found a staircase to the Orcish Mines.
 28011 | D:12     | Found Ecycithre's Book Shop.
 28011 | D:12     | Noticed Fannar
 28026 | D:12     | Killed Fannar
 28145 | D:13     | Reached skill level 10 in Armour
 28233 | D:13     | Found a gate to the Vaults.
 28295 | D:13     | HP: 5/106 [gnoll sergeant/+3 spear of pain (3)]
 29157 | D:14     | Found a shimmering altar of Xom.
 29342 | D:14     | Gained mutation: You are mostly covered in slimy green
                  | scales. (AC +3) [demonic ancestry]
 29342 | D:14     | Reached XP level 15. HP: 83/113 MP: 15/15
 30062 | D:15     | Entered Level 15 of the Dungeon
 30079 | D:15     | Reached skill level 15 in Long Blades
 30470 | Orc:1    | Entered Level 1 of the Orcish Mines
 31146 | Orc:2    | Entered Level 2 of the Orcish Mines
 31256 | Orc:2    | Found a staircase to the Elven Halls.
 31407 | Orc:2    | Gained mutation: Armour fits poorly on your strangely
                  | shaped body. [a neqoxec]
 31558 | Orc:2    | Reached skill level 10 in Fighting
 31679 | Orc:2    | Paralysed by an orc sorcerer for 2 turns
 31745 | Orc:2    | Found an ancient bone altar of Kikubaaqudgha.
 31775 | Orc:2    | Noticed Erolcha
 31781 | Orc:2    | Killed Erolcha
 31782 | Orc:2    | Found a radiant altar of Vehumet.
 31794 | Orc:2    | Found a roughly hewn altar of Beogh.
 31849 | Orc:2    | Found Ixzaun's Magic Scroll Shop.
 31858 | Orc:2    | Bought a scroll of identify for 30 gold pieces
 31858 | Orc:2    | Bought a scroll of identify for 30 gold pieces
 31858 | Orc:2    | Bought a scroll of teleportation for 45 gold pieces
 31858 | Orc:2    | Bought a scroll of identify for 30 gold pieces
 31858 | Orc:2    | Bought a scroll of blinking for 112 gold pieces
 31858 | Orc:2    | Bought a scroll of teleportation for 45 gold pieces
 31858 | Orc:2    | Bought a scroll of teleportation for 45 gold pieces
 31858 | Orc:2    | Bought a scroll of immolation for 52 gold pieces
 31858 | Orc:2    | Bought a scroll of remove curse for 45 gold pieces
 31860 | Orc:2    | Found Akaody's Antique Weapon Boutique.
 31883 | Orc:2    | Found Memeux's Gadget Shop.
 31909 | Orc:2    | Found Onujill's Gadget Shop.
 32553 | Swamp:1  | Entered Level 1 of the Swamp
 32655 | Swamp:1  | Found a runed translucent door.
 32658 | Swamp:1  | Noticed Borbor's ghost (adept GrGl)
 32658 | Swamp:1  | Identified the +9 spear "Killer Klown's Regret" {pierce,
                  | rC+}
 33147 | Swamp:1  | Got a faintly glowing leather armour
 33162 | Swamp:1  | Identified the cursed +1 leather armour "Tyhuefut" {rElec
                  | rF+ rC+ Str-3} (You found it on level 1 of the Swamp)
 34113 | Swamp:1  | Reached skill level 16 in Long Blades
 34127 | Swamp:1  | HP: 4/117 [spriggan rider/+0 spear (12)]
 34129 | Swamp:1  | Slain by a spriggan rider

Skill      XL: |  1  2  3  4  5  6  7  8  9 10 11 12 13 14 15 |
---------------+----------------------------------------------+-----
Dodging        | 3 4 5 6 7 8 10 11 14 | 14.9
Long Blades    | 3 4 5 6 7 11 14 16 | 16.0
Armour         | 1 2 3 4 5 6 7 10 | 10.0
Fighting       | 3 4 5 6 7 8 9 10 | 10.5
Throwing       | |  1.7

Action                   |  1- 3 |  4- 6 |  7- 9 | 10-12 | 13-15 || total
-------------------------+-------+-------+-------+-------+-------++-------
Melee: Long sword        |    86 |   147 |   442 |   208 |       ||   883
       Kick              |    16 |    53 |   176 |   488 |   490 ||  1223
       Peck              |       |    12 |    85 |    83 |       ||   180
       Falchion          |       |       |       |   622 |       ||   622
       Great sword       |       |       |       |    87 |  1092 ||  1179
Throw: Throwing net      |       |       |     3 |     5 |       ||     8
Invok: Potion Petition   |       |       |       |     1 |       ||     1
       Call Merchant     |       |       |       |     1 |     1 ||     2
Evoke: Phantom mirror    |       |       |       |     1 |     1 ||     2
       Wand              |       |       |       |    18 |     4 ||    22
       Sack of spiders   |       |       |       |     1 |     2 ||     3
  Use: Potion            |       |     5 |     3 |    21 |     5 ||    34
       Scroll            |       |       |     7 |     9 |     4 ||    20
 Stab: Invisible         |       |       |     5 |       |       ||     5
       Held in net/web   |       |       |     1 |     3 |       ||     4
       Distracted        |       |       |     1 |     7 |    16 ||    24
       Sleeping          |       |       |       |     6 |     7 ||    13
  Eat: Chunk             |     2 |     7 |    11 |       |     3 ||    23
       Ration            |       |       |     2 |    11 |    13 ||    26
Armor: Leather armour    |    32 |    38 |    85 |   103 |       ||   258
       Skin              |       |       |    12 |       |       ||    12
       Ring mail         |       |       |       |    31 |    60 ||    91
       Plate armour      |       |       |       |       |   386 ||   386
Dodge: Dodged            |    79 |   130 |   397 |   995 |  1349 ||  2950
       Deflected         |       |       |     3 |    12 |     1 ||    16
Block: Shield            |       |       |       |    16 |       ||    16
       Rpst.: Long sword |    29 |    44 |   111 |    46 |       ||   230
       Falchion          |       |       |       |   155 |       ||   155
       Great sword       |       |       |       |    15 |   281 ||   296
